 Dungeon Crawl Stone Soup version 0.30.1-4-g462c640d31 (webtiles) character file.

Game seed: 15913332379262230231

6558 maxonian the Cleaver (level 10, -40/79 HPs)
             Began as a Demonspawn Fighter on Aug 29, 2023.
             Was an Elder of Okawaru.
             Annihilated by a deep elf blademaster simulacrum (45 damage)
             ... on level 1 of the Abyss.
             The game lasted 00:42:28 (13245 turns).

maxonian the Cleaver (Demonspawn Fighter)          Turns: 13245, Time: 00:42:29

Health: -40/79     AC: 12    Str: 26    XL:     10   Next: 70%
Magic:  14/14      EV: 13    Int: 10    God:    Okawaru [****..]
Gold:   434        SH:  7    Dex: 13    Spells: 9/9 levels left

rFire   . . .        H - +2 hand axe (venom)
rCold   . . .        c - +0 buckler
rNeg    . . .        X - +0 acid dragon scales
rPois   .            (no helmet)
rElec   .            (no cloak)
rCorr   +            (no gloves)
SInv    +            t - +0 pair of boots
Will    .....        E - amulet of faith
Stlth   ++           R - +6 ring of strength
HPRegen 0.33/turn    x - ring of see invisible
MPRegen 0.14/turn

%: faith
@: heroic, hasted, very quick
A: powered by death 1, powered by pain 2, sharp scales 2, demonic touch 2
a: Renounce Religion, Heroism, Finesse


You were on level 1 of the Abyss.
You worshipped Okawaru.
Okawaru was greatly pleased with you.
You visited 1 branch of the dungeon, and saw 10 of its levels.
You visited the Abyss 1 time.
You also visited: Sewer.

You collected 434 gold pieces.

Inventory:

Hand Weapons
 a - a +0 war axe
 b - a +0 sling
   (You found it on level 1 of the Dungeon)
 s - a +2 short sword of venom
   (You took it off a kobold in a sewer)
 C - a +0 spear of flaming
   (You took it off a gnoll on level 5 of the Dungeon)
 F - a +0 whip of electrocution
   (You took it off a kobold in a sewer)
 H - a +2 hand axe of venom (weapon)
   (You took it off an orc on level 9 of the Dungeon)
 L - a +2 dagger of venom
   (You took it off a kobold in a sewer)
Missiles
 e - 97 stones (quivered)
 q - 16 boomerangs
 J - 23 poisoned darts
 W - 3 curare-tipped darts
 Y - 4 silver javelins {god gift}
Armour
 c - a +0 buckler (worn)
 t - a +0 pair of boots (worn)
   (You found it on level 3 of the Dungeon)
 z - a +0 tower shield
   (You found it on level 4 of the Dungeon)
 X - +0 acid dragon scales (worn)
   (You found it on level 9 of the Dungeon)
Magical Staves
 P - a staff of poison
   (You found it on level 6 of the Dungeon)
Jewellery
 g - a ring of fire
   (You found it on level 5 of the Dungeon)
 o - a ring of resist corrosion
   (You took it off a hobgoblin on level 2 of the Dungeon)
 x - a ring of see invisible (right hand)
   (You found it on level 3 of the Dungeon)
 E - an amulet of faith (around neck)
   (You found it on level 5 of the Dungeon)
 R - a +6 ring of strength (left hand)
   (You found it on level 7 of the Dungeon)
Wands
 p - a wand of flame (28)
   (You found it on level 3 of the Dungeon)
 y - a wand of polymorph (5)
   (You found it on level 10 of the Dungeon)
 O - a wand of paralysis (8)
   (You found it on level 6 of the Dungeon)
 S - a wand of quicksilver (8)
   (You found it on level 7 of the Dungeon)
 T - a wand of iceblast (13)
   (You found it on level 7 of the Dungeon)
Scrolls
 d - 4 scrolls of magic mapping {unknown}
 f - 4 scrolls of poison {unknown}
 h - 2 scrolls of vulnerability {unknown}
 i - a scroll of noise {unknown}
 j - 13 scrolls of identify {unknown}
 k - 2 scrolls of enchant weapon {unknown}
 l - a scroll of teleportation {unknown}
 m - 5 scrolls of amnesia {unknown}
 n - a scroll of torment {unknown}
 w - a scroll of enchant armour {unknown}
 B - a scroll of butterflies {unknown}
 I - a scroll of immolation {unknown}
 Q - a scroll of acquirement {unknown}
 V - 3 scrolls of fog {unknown}
Potions
 r - 4 potions of brilliance {unknown}
 u - 2 potions of cancellation {unknown}
 v - a potion of lignification {unknown}
 A - a potion of resistance {unknown}
 D - 3 potions of attraction {unknown}
 G - a potion of magic {unknown}
 M - a potion of invisibility
 N - 2 potions of curing {@q1}
 U - 2 potions of might


   Skills:
 + Level 7.1(12.1) Fighting
 * Level 9.4(14.4) Axes
 - Level 2.0(7.0) Throwing
 - Level 7.0(12.0) Armour
 - Level 7.0(12.0) Shields
 - Level 6.0 Invocations


You had 9 spell levels left.
You didn't know any spells.
Your spell library contained the following spells:

 Spells                   Type           Power      Damage    Failure   Level
 Scorch                   Fire           0%         2d5       58%         2
 Static Discharge         Conj/Air       0%         2-2/arc   58%         2
 Sublimation of Blood     Necr           0%         N/A       58%         2
 Airstrike                Air            0%         2d(0-16)  99%         4
 Flame Wave               Conj/Fire      0%         2d4       99%         4
 Petrify                  Tmut/Erth      0%         N/A       99%         4
 Irradiate                Conj/Tmut      0%         3d11      100%        5
 Summon Lightning Spire   Summ/Air       Unusable   N/A       N/A         4
 Summon Cactus Giant      Summ           Unusable   N/A       N/A         6

Dungeon Overview and Level Annotations

Branches:
Dungeon (10/15)            Temple (0/1) D:6             Orc (0/2) D:9
  Sewer (visited)
   Lair: D:8-11

Altars:
Cheibriados
Fedhas
Gozag
Kikubaaqudgha
Makhleb
Nemelex Xobeh
Okawaru
Vehumet
Xom

Shops:
D:1 [   D:6 *

Annotations:
D:5 1 exclusion, Blork the orc
D:7 2 transporters, aeroqp's ghost, novice VSCj
D:9 2 transporters, exclusion: downstairs, aeroqp's ghost, novice VSCj
D:10 Erolcha


Innate Abilities, Weirdness & Mutations

You regenerate a little health from kills.
You sometimes gain power by taking damage.
You are mostly covered in razor-sharp scales. (AC +2, Slay +2)
Your touch may inflict irresistible damage on your foes.


Message History

A neqoxec comes into view.
Your hands slow down.
The neqoxec shouts!
The neqoxec hits you but does no damage.
You hit the neqoxec.
The neqoxec is lightly wounded.
You miss the neqoxec.
The neqoxec is lightly wounded.
The neqoxec closely misses you.
You slash the neqoxec!
The neqoxec is moderately wounded.
The neqoxec hits you.
You closely miss the neqoxec.
The neqoxec is moderately wounded.
You block the neqoxec's attack.
You barely miss the neqoxec.
The neqoxec is moderately wounded.
The neqoxec barely misses you.
You barely miss the neqoxec.
The neqoxec is moderately wounded.
The neqoxec barely misses you.
You gain the combat prowess of a mighty hero.
The neqoxec closely misses you.
You hit the neqoxec.
The neqoxec is poisoned.
The neqoxec is heavily wounded.
You hit the neqoxec but do no damage.
The neqoxec is heavily wounded.
The neqoxec hits you!
You slice the neqoxec!!
You kill the neqoxec!
Okawaru accepts your kill.
A deep elf blademaster simulacrum comes into view.
You miss the deep elf blademaster simulacrum.
You block the deep elf blademaster simulacrum's attack.
The deep elf blademaster simulacrum hits you but does no damage.
You slash the deep elf blademaster simulacrum!
The deep elf blademaster simulacrum is moderately damaged.
The deep elf blademaster simulacrum misses you.
The deep elf blademaster simulacrum hits you!
You focus on the pain.
You feel your power returning.
The deep elf blademaster simulacrum freezes you!!!
Ouch! That really hurt!
* * * LOW HITPOINT WARNING * * *
Okay, then.
You feel yourself speed up.
The deep elf blademaster simulacrum hits you!
* * * LOW HITPOINT WARNING * * *
The deep elf blademaster simulacrum freezes you!!!
Ouch! That really hurt!
You die...

## # ..#. #. .. .
. #. ## . .#.#
... #.#. #. .#.#
......# #. ..#
.#. . ##. ###.#
#.## ##...
##.#.#######.#..#
#.....#..#....
..... #
......Z@.#.######
#. ##
#.....#.....# #
.. ##... ##...##
#. . ##. ##.##
#.#. # #.. # ..
..#. .#. #..#..
#. ### ##


You could see a deep elf blademaster simulacrum.

Vanquished Creatures
  Psyche (D:10)
  2 hornets
  A shadow (D:9)
  A vampire (D:9)
  15 yaks
  2 vampire mosquitoes (D:10)
  A steam dragon (D:9)
  A neqoxec (Abyss:1)
  An acid dragon (D:9)
  A water moccasin (D:8)
  An ice beast (D:5)
  An orc warrior (D:9)
  2 black bears
  2 centaurs
  3 phantoms
  3 kobold brigands
  A bullfrog (D:9)
  15 killer bees
  A howler monkey (D:9)
  A jelly (D:6)
  An orc priest (D:9)
  2 hounds
  2 sleepcaps
  4 gnoll boudas
  3 iguanas
  9 orc wizards
  A mummy (D:6)
  22 gnolls
  4 adders
  A white imp (D:8)
  4 dart slugs
  41 orcs
  11 endoplasms
  2 giant cockroaches
  4 goblins
  9 hobgoblins
  4 jackals (D:3)
  33 kobolds
  4 quokkas
  11 ball pythons
  10 bats
  4 frilled lizards
  6 rats
248 creatures vanquished.

Vanquished Creatures (others)
  A kobold (D:10)
1 creature vanquished.

Grand Total: 249 creatures vanquished

Notes
Turn   | Place    | Note
-------+----------+-------------------------------------------
     0 | D:1      | maxonian the Demonspawn Fighter began the quest for the
                  | Orb.
     0 | D:1      | Reached XP level 1. HP: 18/18 MP: 1/1
     6 | D:1      | Noticed a wyvern
     6 | D:1      | Noticed a salamander
     6 | D:1      | Noticed a hog
     6 | D:1      | Noticed a redback
     6 | D:1      | Noticed a komodo dragon
   172 | D:1      | Reached skill level 2 in Axes
   172 | D:1      | Found Esit Cer's Armour Boutique.
   273 | D:1      | Gained mutation: Your touch may inflict minor irresistible
                  | damage on your foes. [demonic ancestry]
   273 | D:1      | Reached XP level 2. HP: 21/24 MP: 2/2
   643 | D:2      | Noticed a great orb of eyes
   651 | D:2      | Found a faded altar of an unknown god.
   668 | D:2      | Noticed a great orb of eyes
   675 | D:2      | Noticed a great orb of eyes
   675 | D:2      | Noticed a golden eye
   890 | D:2      | Reached XP level 3. HP: 17/29 MP: 3/3
  1110 | D:2      | Reached skill level 3 in Axes
  1915 | D:3      | Found a radiant altar of Vehumet.
  2191 | D:3      | Found an opulent altar of Gozag.
  2202 | D:3      | Gained mutation: You sometimes gain a little power by
                  | taking damage. [demonic ancestry]
  2202 | D:3      | Reached XP level 4. HP: 33/37 MP: 4/4
  2717 | D:3      | Found a sparkling altar of Nemelex Xobeh.
  3137 | D:4      | Noticed a phantom
  3179 | D:3      | Killed a phantom
  3180 | D:3      | Reached skill level 4 in Axes
  3180 | D:3      | Reached skill level 1 in Throwing
  3180 | D:3      | Gained mutation: You are partially covered in razor-sharp
                  | scales. (AC +1, Slay +1) [demonic ancestry]
  3180 | D:3      | Reached XP level 5. HP: 40/42 MP: 5/5
  3322 | D:4      | Noticed a black bear
  3330 | D:3      | Killed a black bear
  3331 | D:3      | Gained mutation: You sometimes gain power by taking damage.
                  | [demonic ancestry]
  3331 | D:3      | Reached XP level 6. HP: 41/49 MP: 6/6
  3690 | D:4      | Found a blossoming altar of Fedhas.
  3736 | D:4      | Found an iron altar of Okawaru.
  3738 | D:4      | Found an ancient bone altar of Kikubaaqudgha.
  3751 | D:4      | Became a worshipper of Warmaster Okawaru
  3986 | D:4      | Found a burning altar of Makhleb.
  4037 | D:4      | Reached skill level 5 in Axes
  4215 | D:5      | Entered Level 5 of the Dungeon
  4245 | D:5      | Noticed an ice beast
  4251 | D:5      | Killed an ice beast
  4252 | D:5      | Gained mutation: You regenerate a little health from kills.
                  | [demonic ancestry]
  4252 | D:5      | Reached XP level 7. HP: 55/55 MP: 7/7
  4322 | D:5      | Reached skill level 5 in Fighting
  4479 | D:5      | Reached * piety under Okawaru
  4682 | D:5      | Reached skill level 6 in Axes
  4682 | D:5      | Reached skill level 1 in Invocations
  5140 | D:5      | Noticed Blork the orc
  5573 | D:5      | Reached skill level 5 in Invocations
  5769 | D:6      | Gained mutation: Your touch may inflict irresistible damage
                  | on your foes. [demonic ancestry]
  5769 | D:6      | Reached XP level 8. HP: 55/62 MP: 10/12
  5800 | D:6      | Found a glowing drain.
  5815 | Sewer    | Entered a sewer
  6783 | D:6      | Found a snail-covered altar of Cheibriados.
  6899 | D:6      | Found Hiuwe's Humungous Hoard.
  6962 | D:6      | Found a staircase to the Ecumenical Temple.
  7663 | D:7      | Reached skill level 7 in Axes
  8058 | D:7      | Noticed a hornet
  8068 | D:7      | Killed a hornet
  8069 | D:7      | Reached skill level 8 in Axes
  8350 | D:7      | Noticed aeroqp's ghost (novice VSCj)
  8360 | D:7      | Noticed a queen bee
  8432 | D:7      | Found a transporter.
  8437 | D:7      | Found a transporter.
  9273 | D:8      | Gained mutation: You are mostly covered in razor-sharp
                  | scales. (AC +2, Slay +2) [demonic ancestry]
  9273 | D:8      | Reached XP level 9. HP: 66/68 MP: 13/13
  9526 | D:8      | Reached ** piety under Okawaru
 10205 | D:8      | Reached skill level 5 in Armour
 10205 | D:8      | Reached skill level 5 in Shields
 11031 | D:8      | Reached *** piety under Okawaru
 11105 | D:9      | Found a shimmering altar of Xom.
 11219 | D:9      | Found a staircase to the Orcish Mines.
 11651 | D:9      | Noticed aeroqp's ghost (novice VSCj)
 11652 | D:9      | Found the macabre finger necklace {Finger+ rN+}
 11652 | D:9      | Noticed a tengu warrior
 11653 | D:9      | Found a transporter.
 11673 | D:9      | Reached XP level 10. HP: 73/74 MP: 14/14
 11690 | D:9      | Found a transporter.
 12490 | D:10     | Entered Level 10 of the Dungeon
 12528 | D:10     | Noticed Psyche
 12536 | D:10     | Reached **** piety under Okawaru
 12553 | D:10     | Killed Psyche
 12734 | D:10     | Noticed Erolcha
 12908 | D:10     | Received a gift from Okawaru
 12909 | D:10     | Reached skill level 9 in Axes
 12927 | D:10     | Received a gift from Okawaru
 13205 | Abyss:1  | Cast into level 1 of the Abyss (Erolcha)
 13245 | Abyss:1  | Annihilated by a deep elf blademaster simulacrum

Illustrated notes

Levels and vault maps discovered:
D:1:      onia_arrival_zoo_common, layout_rooms, serial_shops, shop
D:2:      layout_loops_ring, hellmonk_ecumenical_altar_watching_god
D:3:      minmay_angry_zag, layout_basic, mainiacjoe_overflow_paths,
          lemuel_tele_altar, lemuel_round_altar, minmay_fractal_squares_5
D:4:      layout_basic, lightli_temple_of_fire, grunt_temple_overflow_open,
          amethyst_killhole
D:5:      layout_loops_ring, tgw_sif
D:6:      layout_basic, slow_altar_1, elyvilon_altar_4,
          minmay_temple_entry_tees, portal_sewer_entry_d, nicolae_alphabet_shops
D:7:      layout_basic, old_standard_altar, gammafunk_ghost_hive,
          dk_rats_in_the_wall
D:8:      layout_layer_cave
D:9:      layout_gridville, kennysheep_mini_moat, hiddenorc1_lemuel,
          gammafunk_ghost_arena, nicolae_figureground_pulse
D:10:     layout_loops_ring, tso_oasis_becter, uniq_psyche, uniq_erolcha,
          uniq_lodul
Abyss:1:  base:
D:7

Skill      XL: |  1  2  3  4  5  6  7  8  9 10 |
---------------+-------------------------------+-----
Axes           | 2 3 4 5 6 8 9 |  9.4
Fighting       | 4 5 7 |  7.1
Throwing       | 1 2 |  2.0
Invocations    | 6 |  6.0
Armour         | 3 6 7 |  7.0
Shields        | 3 6 7 |  7.0

Action                     |  1- 3 |  4- 6 |  7- 9 | 10-12 || total
---------------------------+-------+-------+-------+-------++-------
  Melee: War axe           |   138 |   146 |   362 |       ||   646
         Hand axe          |       |       |    17 |   143 ||   160
   Fire: Sling             |       |    10 |    78 |       ||    88
  Throw: Stone             |     3 |     1 |     1 |       ||     5
 Invoke: Heroism           |       |       |    13 |     6 ||    19
         Finesse           |       |       |       |     1 ||     1
  Evoke: Wand              |     2 |     6 |     3 |       ||    11
    Use: Potion            |     1 |     3 |     5 |     1 ||    10
   Stab: Invisible         |       |       |     1 |       ||     1
         Paralysed         |       |       |     5 |       ||     5
 Armour: Scale mail        |    64 |    63 |   178 |     9 ||   314
         Acid dragon scale |       |       |       |    15 ||    15
  Dodge: Dodged            |    50 |    47 |   230 |    44 ||   371
  Block: Buckler           |    31 |    50 |   116 |    28 ||   225
